 Dungeon Crawl Stone Soup version 0.28.0 (webtiles) character file.

Game seed: 3423371640215893643

195 krispywithak the Ruffian (level 5, -7/46 HPs)
             Began as a Draconian Berserker on Feb 4, 2022.
             Was a Believer of Trog.
             Mangled by a gnoll (13 damage)
             ... on level 4 of the Dungeon.
             The game lasted 00:08:32 (3595 turns).

krispywithak the Ruffian (Draconian Berserker)      Turns: 3595, Time: 00:08:32

Health: -7/46      AC:  7    Str: 21    XL:     5   Next: 45%
Magic:  5/5        EV: 13    Int: 11    God:    Trog [**....]
Gold:   219        SH:  0    Dex: 11    Spells: 4/4 levels left

rFire   . . .      SeeInvis .     - Unarmed
rCold   . . .      Faith    .   (no shield)
rNeg    . . .      Spirit   .   (armour unavailable)
rPois   +          Reflect  .   (helmet restricted)
rElec   .          Harm     .   (no cloak)
rCorr   .          Rampage  .   e - +1 pair of gloves "Naxibe Xiget" {Int+4}
Will    .....                   (no boots)
Stlth   +.........              (no amulet)
HPRegen 0.15/turn               j - ring of poison resistance
MPRegen 0.09/turn               (no ring)

@: on berserk cooldown, slowed, very slow
A: AC +5, unfitting armour, cold-blooded
a: Renounce Religion, Berserk, Trog's Hand


You were on level 4 of the Dungeon.
You worshipped Trog.
Trog was pleased with you.
You visited 1 branch of the dungeon, and saw 4 of its levels.

You collected 219 gold pieces.

Inventory:

Missiles
 d - 9 poisoned darts (quivered)
Armour
 e - the +1 pair of gloves "Naxibe Xiget" (worn) {Int+4}
   (You acquired it on level 3 of the Dungeon)

   Int:       It affects your intelligence (+4).
Jewellery
 j - a ring of poison resistance (left hand)
Scrolls
 a - a scroll of vulnerability {unknown}
 c - a scroll of silence
 h - a scroll of blinking
 i - a scroll of amnesia {unknown}
 k - a scroll of magic mapping
 l - a scroll of identify
 o - a scroll of holy word {unknown}
Potions
 b - a potion of flight
 f - a potion of resistance {unknown}
 g - a potion of berserk rage
 m - a potion of lignification {unknown}
 n - a potion of degeneration {unknown}
 p - a potion of haste {unknown}


   Skills:
 + Level 4.0 Fighting
 + Level 3.8 Dodging
 + Level 1.1 Stealth
 + Level 4.7 Unarmed Combat


You had 4 spell levels left.
You didn't know any spells.
Your spell library contained the following spells:

 Spells                   Type           Power      Damage    Failure   Level
 Foxfire                  Conj/Fire      0%         2x1d4     34%         1
 Blink                    Tloc           0%         N/A       47%         2
 Lesser Beckoning         Tloc           0%         N/A       71%         3
 Manifold Assault         Tloc           0%         N/A       100%        5


Dungeon Overview and Level Annotations

Branches:
Dungeon (4/15)
 Temple: D:4-7

Altars:

Shops:
D:1 ?*![[   D:3 (


Innate Abilities, Weirdness & Mutations

Your plain brown scales are hard. (AC +5)
You cannot fit into any form of body armour.
You are cold-blooded and may be slowed by cold attacks.


Message History

You closely miss Ijyb.
Ijyb is almost dead.
The gnoll barely misses you. The gnoll completely misses you.
Ijyb zaps a wand.
The puff of flame hits you.
You punch Ijyb!
You kill Ijyb!
Trog accepts your kill.
The hobgoblin hits you but does no damage.
The gnoll hits you with a +0 whip. x2; The gnoll barely misses you.
Your Fighting skill increases to level 4!
Your Stealth skill increases to level 1!
You punch the gnoll!
You kill the gnoll!
Trog accepts your kill. The hobgoblin closely misses you.
You are no longer berserk.
You are exhausted.
You feel yourself slow down. The gnoll barely misses you.
The gnoll hits you with a +0 whip.
You see here a +0 whip.
You hit the gnoll but do no damage. The gnoll hits you with a +0 whip.
The gnoll hits you from afar with a +0 halberd.
The hobgoblin hits you.
* * * LOW HITPOINT WARNING * * *
You hit the gnoll.
The gnoll is lightly wounded.
The gnoll hits you but does no damage. The gnoll barely misses you.
The hobgoblin misses you.
You punch the gnoll!
The gnoll is severely wounded.
The gnoll hits you but does no damage.
The gnoll hits you from afar with a +0 halberd.
* * * LOW HITPOINT WARNING * * *
The hobgoblin closely misses you.
The gnoll hits you but does no damage. x2
You punch the gnoll!
You kill the gnoll!
Trog accepts your kill. The hobgoblin misses you.
The gnoll hits you from afar with a +0 halberd!
You die...

###..###.# .#......##
.# ..# ..##.....#
#.## ..# .###.....##
##..##..#
..####....####......#
..# #..............#
..####.............##
..........##........#
###.......###..)@...#
###..........)g...#
##........g......#
#...............#
#................#
#.................#
##.................
##.......#........
#...........####.


You could see a gnoll and a hobgoblin.

Vanquished Creatures
  Ijyb (D:4)
  Terence (D:2)
  4 gnolls
  5 adders
  2 worms (D:2)
  2 dart slugs (D:1)
  2 orcs
  6 endoplasms
  3 giant cockroaches
  4 goblins
  5 hobgoblins
  4 kobolds
  4 quokkas
  5 ball pythons
  6 bats
  A frilled lizard (D:1)
  8 rats
63 creatures vanquished.

Notes
Turn   | Place    | Note
-------+----------+-------------------------------------------
     0 | D:1      | krispywithak the Draconian Berserker began the quest for
                  | the Orb.
     0 | D:1      | Reached XP level 1. HP: 19/19 MP: 1/1
   206 | D:1      | Reached XP level 2. HP: 26/26 MP: 2/2
   255 | D:1      | Found Osooneuh's Armour Shop.
   328 | D:1      | Found Qoboarip's Distillery.
   590 | D:1      | Found Kyekanom's General Store.
   611 | D:1      | Found Ejagh's Magic Scroll Emporium.
   917 | D:1      | Found a faded altar of an unknown god.
   930 | D:1      | Got Plato's Guide on the Arsonist
   948 | D:1      | Found Jeost's Armour Shop.
  1010 | D:1      | Reached XP level 3. HP: 31/31 MP: 3/3
  1335 | D:2      | Noticed Terence
  1371 | D:2      | Killed Terence
  1372 | D:2      | Reached XP level 4. HP: 14/40 MP: 4/4
  2115 | D:2      | Reached ** piety under Trog
  3024 | D:3      | Found Torael's Weapon Shoppe.
  3137 | D:3      | Identified a scroll of acquirement
  3152 | D:3      | Reached XP level 5. HP: 46/46 MP: 5/5
  3152 | D:3      | Acquired the +1 pair of gloves "Naxibe Xiget" {Int+4}
  3569 | D:4      | Noticed Ijyb
  3589 | D:4      | Killed Ijyb
  3590 | D:4      | Reached skill level 1 in Stealth
  3595 | D:4      | Mangled by a gnoll

Illustrated notes

Levels and vault maps discovered:
D:1:      elethiomel_arrival_infinity_welcomes_careful_drivers,
          layout_loops_cross, shapermc_ecumenical_altar_rom_forum, serial_shops,
          shop, shop, shop_fountains, shop, nicolae_shop_hallway_stairs,
          minmay_small_reverse_x
D:2:      minmay_alternating_diamond, layout_rooms, uniq_terence
D:3:      layout_basic, serial_shops, nicolae_lakefront_shop, skrybe_limestone_x
D:4:      layout_layer_cave, uniq_ijyb

Skill      XL: |  1  2  3  4  5 |
---------------+----------------+-----
Dodging        | 3 |  3.8
Unarmed Combat | 4 |  4.7
Fighting       | 4 |  4.0
Stealth        | 1 |  1.1

Action                   |  1- 3 |  4- 6 || total
-------------------------+-------+-------++-------
Melee: Unarmed           |   114 |    89 ||   203
       Punch             |     4 |     5 ||     9
       Tailslap          |     4 |     4 ||     8
Invok: Berserk           |     3 |     1 ||     4
  Use: Potion            |     3 |       ||     3
       Scroll            |     2 |     4 ||     6
 Stab: Sleeping          |     1 |     1 ||     2
Armor: Skin              |    53 |    36 ||    89
Dodge: Dodged            |    85 |    82 ||   167
